 Dungeon Crawl Stone Soup version 0.19.4-8-ga85b6b9 (webtiles) character file.

4425 equalderp2856 the Gouger (level 10, -17/43 HPs)
             Began as a Felid Fighter on Feb 13, 2017.
             Demolished by an ogre
             ... wielding a +0 giant spiked club
              (27 damage)
             ... on level 9 of the Dungeon.
             The game lasted 02:12:06 (26976 turns).

equalderp2856 the Gouger (Felid Fighter)           Turns: 26976, Time: 02:12:07

Health: -17/43     AC:  2    Str: 13    XL:     10   Next: 14%
Magic:  15/32      EV: 23    Int: 12    God:
Gold:   643        SH:  0    Dex: 16    Spells: 5 memorised, 15 levels left
                                        Lives:  0   Deaths: 3

rFire  . . .     SeeInvis +       - Unarmed
rCold  . . .     Gourm    .     (armour unavailable)
rNeg   . . .     Faith    .     (shield unavailable)
rPois  .         Spirit   .     (helmet unavailable)
rElec  .         Reflect  .     (cloak unavailable)
rCorr  .         Harm     .     (gloves unavailable)
MR     +....                    (boots unavailable)
Stlth  ++++++....               (no amulet)
                                v - ring of stealth
                                m - ring of magical power

@: confusing touch (expiring), quick
A: no armour, no weapons or thrown items, stealth, claws 1, fangs 3, see
invisible, carnivore 3, speed 1, shaggy fur 2, slow metabolism 1, sharp paws
a: no special abilities


You were on level 9 of the Dungeon.
You were not hungry.

You visited 1 branch of the dungeon, and saw 11 of its levels.

You collected 643 gold pieces.

Inventory:

Hand Weapons
 j - a +0 shortbow
Missiles
 i - 2 needles of confusion
 t - 30 poisoned needles
 y - 230 arrows
 z - 9 curare-tipped needles
Jewellery
 e - an uncursed ring of poison resistance
 h - an uncursed ring of teleportation
 m - a ring of magical power (left paw)
 v - a ring of stealth (right paw)
Wands
 k - a wand of digging (12/24)
 B - a wand of lightning (6/15)
 C - a wand of enslavement (16/24)
 F - a wand of flame (28/48)
 K - a wand of confusion (42/48)
Scrolls
 c - 7 scrolls of identify
 d - 3 scrolls of magic mapping
 f - 6 scrolls of remove curse
 q - 3 scrolls of enchant armour
 s - a scroll of vulnerability {unknown}
 H - a scroll of noise {unknown}
 J - a scroll of recharging {unknown}
 L - a scroll of amnesia {unknown}
Potions
 a - 2 potions of might
 g - 2 potions of degeneration {unknown}
 n - a potion of lignification {unknown}
 o - a potion of ambrosia {unknown}
 u - a potion of resistance {unknown}
 w - 3 potions of haste
 x - 2 potions of flight
 G - a potion of agility {unknown}
Books
 p - a book of Cantrips

   Spells                             Type                      Level
   a - Confusing Touch                Hexes                        1
   b - Animate Skeleton               Necromancy                   1
   c - Summon Small Mammal            Summoning                    1
   d - Apportation                    Translocation                1
 r - a book of Changes

   Spells                             Type                      Level
   a - Beastly Appendage              Transmutation                1
   b - Sticks to Snakes               Transmutation                2
   c - Spider Form                    Transmutation/Poison         3
   d - Ice Form                       Ice/Transmutation            4
   e - Blade Hands                    Transmutation                5
 A - a book of Misfortune

   Spells                             Type                      Level
   a - Confusing Touch                Hexes                        1
   b - Confuse                        Hexes                        3
   c - Gell's Gravitas                Hexes/Translocation          3
   d - Petrify                        Transmutation/Earth          4
   e - Metabolic Englaciation         Hexes/Ice                    5
   f - Yara's Violent Unravelling     Hexes/Transmutation          5
 D - a book of Geomancy

   Spells                             Type                      Level
   a - Sandblast                      Earth                        1
   b - Passwall                       Transmutation/Earth          2
   c - Stone Arrow                    Conjuration/Earth            3
   d - Petrify                        Transmutation/Earth          4
   e - Lee's Rapid Deconstruction     Earth                        5
 E - a book of Conjurations

   Spells                             Type                      Level
   a - Magic Dart                     Conjuration                  1
   b - Searing Ray                    Conjuration                  2
   c - Dazzling Spray                 Conjuration/Hexes            3
   d - Fulminant Prism                Conjuration/Hexes            4
   e - Iskenderun's Mystic Blast      Conjuration                  4
   f - Iskenderun's Battlesphere      Conjuration/Charms           5
Comestibles
 b - 7 meat rations
 l - 3 beef jerkies
 M - a royal jelly


   Skills:
 + Level 4.7 Fighting
 + Level 8.0 Dodging
 + Level 10.3 Stealth
 + Level 10.4 Unarmed Combat
 * Level 8.2 Spellcasting
 * Level 5.6 Conjurations
 + Level 6.7 Hexes
 + Level 2.4 Earth Magic


You had 15 spell levels left.
You knew the following spells:

 Your Spells              Type           Power        Failure   Level  Hunger
a - Confusing Touch       Hex            ###...       1%          1    None
b - Confuse               Hex            ###.....     2%          3    ##.....
c - Magic Dart            Conj           ###.         1%          1    None
d - Sticks to Snakes      Tmut           #.......     21%         2    #......
e - Stone Arrow           Conj/Erth      ##....       10%         3    ##.....


Dungeon Overview and Level Annotations

Branches:
Dungeon (11/15)            Temple (0/1) D:7            Lair (0/6) D:10
    Orc: D:9-12

Altars:
Fedhas
Hepliaklqana
Kikubaaqudgha
Makhleb
Nemelex Xobeh
Sif Muna
Uskayaw
Yredelemnul

Shops:
D:4 *   D:10 :(

Annotations:
D:7 1 runed door


Innate Abilities, Weirdness & Mutations

You cannot wear armour.
You are incapable of wielding weapons or throwing items.
Your paws allow you to move quietly. (Stealth)
You have sharp claws.
You have razor-sharp teeth.
You have supernaturally acute eyesight. (SInv)
You are carnivorous and can eat meat at any time.
You cover ground quickly.
You are covered in thick fur. (AC +2)
You have a slow metabolism.
Your sharp claws are effective at attacking unaware monsters.


Message History

The killer bee misses you. The killer bee misses you.
You see here a trident.
The killer bee rages.
The killer bee stings you.
* * * LOW HITPOINT WARNING * * *
The killer bee completely misses you. The killer bee closely misses you.
The killer bee completely misses you. The killer bee completely misses you.
The killer bee barely misses you.
Casting: Magic Dart
Confirm with . or Enter, or press ? or * to list all spells.
Your paws begin to glow red.
The killer bee barely misses you. The killer bee closely misses you.
The killer bee stings you but does no damage.
You closely miss the killer bee. Your bite misses the killer bee.
The killer bee completely misses you. The killer bee closely misses you.
The ogre hits you with a giant spiked club!!
Ouch! That really hurt!
You die...

#y...................# #
##...................# y
y.................###
#.................# ##..
.......######
##Z..#####.....#
y#.......#.....########
##.........#............#
...........#....@....####
..#.......%#...Oy....#
..#........#....y....#
y.#........'.........#
y.##.......#...Y)....#
...#.......#.........#
...#.......#..H......#
...#.......#.........##
...#.....###..........#


You could see a hippogriff, a yak, a queen bee, an ogre and a killer bee
(berserk).

Vanquished Creatures
  Joseph (D:7)
  2 centaur zombies (D:9)
  A centaur skeleton (D:9)
  A hellwing (D:10)
  2 trolls
  A harpy skeleton (D:9)
  4 hippogriffs
  2 meliai zombies (D:9)
  The ghost of Paps the Ruffian, an amateur TrFi of Okawaru (D:4)
  A wyvern (D:8)
  7 yaks
  A steam dragon (D:10)
  Menkaure (D:7)
  A hungry ghost (D:10)
  2 water moccasins (D:10)
  5 porcupines (D:10)
  3 sky beasts
  2 orc warriors
  2 ice beasts
  8 ogres
  A black bear (D:10)
  An eye of draining (D:9)
  4 phantoms
  7 centaurs
  5 crocodiles (D:10)
  A big kobold (D:10)
  7 bullfrogs
  A water moccasin zombie (D:7)
  A wyvern skeleton (D:6)
  4 scorpions
  9 killer bees
  4 wights (D:10)
  6 crimson imps
  3 howler monkeys
  A bullfrog zombie (D:8)
  A quasit (D:9)
  3 orc priests
  3 jellies
  9 orc wizards
  12 hounds
  2 bullfrog skeletons
  An iguana (D:4)
  10 worker ants
  2 hound zombies (D:5)
  2 worker ant zombies
  A howler monkey zombie (D:6)
  5 adders
  A howler monkey skeleton (D:9)
  A river rat (D:10)
  6 shadow imps
  An adder zombie (D:8)
  2 adder skeletons
  2 worms
  A dart slug (D:1)
  7 leopard geckos
  37 orcs
  8 giant cockroaches
  7 goblins
  15 hobgoblins
  13 jackals
  5 quokkas
  6 bats
  4 frilled lizards
  A giant cockroach zombie (D:6)
  2 jackal skeletons
  15 kobolds
  A leopard gecko skeleton (D:7)
  A quokka skeleton (D:5)
  8 rats
298 creatures vanquished.

Vanquished Creatures (others)
  A fungus (D:10)
  3 plants
  3 withered plants (D:9)
7 creatures vanquished.

Grand Total: 305 creatures vanquished

Notes
Turn   | Place    | Note
-------+----------+-------------------------------------------
     0 | D:1      | equalderp2856 the Felid Fighter began the quest for the Orb.
     0 | D:1      | Reached XP level 1. HP: 10/10 MP: 2/2
   260 | D:1      | Reached XP level 2. HP: 10/14 MP: 3/3
   852 | D:1      | Reached XP level 3. HP: 15/17 MP: 4/4
  1522 | D:2      | Found a sparkling altar of Nemelex Xobeh.
  1620 | D:2      | Reached skill level 5 in Unarmed Combat
  1697 | D:2      | Reached skill level 1 in Stealth
  1813 | D:2      | Found a hide-covered altar of Uskayaw.
  2056 | D:2      | Found a hazy altar of Hepliaklqana.
  2306 | D:2      | Reached XP level 4. HP: 21/21 MP: 5/5
  2857 | D:3      | Found a burning altar of Makhleb.
  3423 | D:3      | Found a deep blue altar of Sif Muna.
  3481 | D:3      | Reached XP level 5. HP: 24/24 MP: 6/6
  3534 | D:3      | Learned a level 1 spell: Confusing Touch
  3948 | D:4      | Noticed a phantom
  4937 | D:4      | Noticed Paps's ghost (amateur TrFi)
  5660 | D:4      | Gained mutation: You are covered in thick fur. (AC +2) [Felid growth]
  5660 | D:4      | Reached XP level 6. HP: 17/28 MP: 7/7
  5924 | D:4      | Found Eniemm's General Store.
  5956 | D:4      | Reached skill level 5 in Dodging
  6928 | D:4      | Found an ancient bone altar of Kikubaaqudgha.
  6930 | D:4      | Found a basalt altar of Yredelemnul.
  7122 | D:5      | Entered Level 5 of the Dungeon
  7146 | D:5      | Reached XP level 7. HP: 31/31 MP: 9/9
  7787 | D:5      | Slain by an ogre
  7788 | D:5      | Reached XP level 6. HP: -1/28 MP: 7/8
  8111 | D:6      | Reached XP level 7. HP: 32/32 MP: 9/9
  8129 | D:6      | Reached skill level 5 in Stealth
  8163 | D:5      | Reached skill level 1 in Hexes
  8600 | D:5      | Reached skill level 1 in Spellcasting
  8923 | D:6      | Learned a level 3 spell: Confuse
  9239 | D:6      | Reached XP level 8. HP: 36/36 MP: 11/11
  9577 | D:7      | Found a blossoming altar of Fedhas.
  9646 | D:7      | Noticed Menkaure
  9917 | D:7      | Noticed Joseph
 11906 | D:6      | Learned a level 1 spell: Magic Dart
 11937 | D:6      | Learned a level 2 spell: Sticks to Snakes
 11941 | D:6      | Learned a level 3 spell: Stone Arrow
 11983 | D:6      | Reached XP level 9. HP: 29/39 MP: 10/14
 12452 | D:7      | Reached skill level 1 in Conjurations
 13651 | D:6      | HP: 1/39 [yak (16)]
 14531 | D:6      | Reached skill level 10 in Unarmed Combat
 14766 | D:6      | Noticed a jumping spider
 15178 | D:7      | Reached skill level 1 in Earth Magic
 16882 | D:9      | Noticed a troll
 16979 | D:10     | Entered Level 10 of the Dungeon
 16979 | D:10     | Noticed a hill giant
 17281 | D:9      | Reached XP level 10. HP: 32/43 MP: 18/18
 17468 | D:9      | Reached skill level 5 in Spellcasting
 18042 | D:9      | Reached skill level 5 in Hexes
 18373 | D:9      | Slain by a hellwing
 18374 | D:9      | Reached XP level 9. HP: 0/39 MP: 16/27
 18384 | D:9      | Noticed a hellwing
 18788 | D:7      | Killed Menkaure
 18828 | D:7      | Found a staircase to the Ecumenical Temple.
 19505 | D:6      | Noticed a fire crab
 20201 | D:4      | Killed Paps's ghost
 21346 | D:7      | Found a runed door.
 21481 | D:7      | Killed Joseph
 22045 | D:9      | Reached XP level 10. HP: 43/43 MP: 6/20
 23349 | D:11     | Noticed a hill giant
 23359 | D:11     | Found a blossoming altar of Fedhas.
 23506 | D:10     | Found Jengaon's Antique Weapon Shop.
 23571 | D:10     | Reached skill level 10 in Stealth
 24261 | D:10     | Noticed a hill giant
 24281 | D:10     | Reached skill level 5 in Conjurations
 25827 | D:10     | Found a staircase to the Lair.
 25957 | D:10     | Reached XP level 11. HP: 46/46 MP: 12/24
 26063 | D:10     | Found Ixtaperauh's Book Shoppe.
 26663 | D:10     | HP: 2/46 [hellwing (10)]
 26669 | D:10     | Demolished by a hill giant
 26670 | D:10     | Reached XP level 10. HP: -15/43 MP: 21/32
 26976 | D:9      | Demolished by an ogre

Skill      XL: |  1  2  3  4  5  6  7  8  9 10 |
---------------+-------------------------------+-----
Unarmed Combat | 5 6 7 8 9 10 | 10.4
Stealth        | 1 2 3 4 6 7 8 10 | 10.3
Dodging        | 5 6 7 8 |  8.0
Fighting       | 4 |  4.7
Hexes          | 1 3 6 5 |  6.7
Spellcasting   | 1 3 6 8 |  8.2
Conjurations   | 3 5 |  5.6
Earth Magic    | 1 2 |  2.4

Action                   |  1- 3 |  4- 6 |  7- 9 | 10-12 || total
-------------------------+-------+-------+-------+-------++-------
Melee: Unarmed           |   106 |   171 |   465 |   257 ||   999
       Bite              |    11 |    18 |    44 |    39 ||   112
       Punch             |     4 |     2 |    23 |    13 ||    42
 Cast: Confusing Touch   |       |     3 |    21 |    29 ||    53
       Stone Arrow       |       |       |    50 |   110 ||   160
       Magic Dart        |       |       |    32 |    59 ||    91
       Confuse           |       |       |    12 |    54 ||    66
       Sticks to Snakes  |       |       |     1 |       ||     1
  Use: Potion            |     2 |       |     3 |     2 ||     7
       Scroll            |       |     1 |     8 |     1 ||    10
 Stab: Sleeping          |     2 |     6 |     9 |     2 ||    19
       Distracted        |       |       |     2 |       ||     2
       Confused          |       |       |     9 |    18 ||    27
  Eat: Chunk             |     6 |     3 |    26 |    15 ||    50
       Pizza             |       |     1 |     2 |       ||     3
       Meat ration       |       |       |     1 |     1 ||     2
Armor: Skin              |     4 |     5 |    11 |    16 ||    36
Dodge: Dodged            |   124 |   130 |   368 |   240 ||   862
